 Dungeon Crawl Stone Soup version 0.23-a0-296-ga3b1b28 (webtiles) character file.

2841 Dissent the Slicer (level 9, -4/61 HPs)
             Began as an Octopode Fighter on Oct 5, 2018.
             Was an Initiate of Gozag.
             Slain by a hippogriff (8 damage)
             ... on level 8 of the Dungeon.
             The game lasted 00:15:17 (8298 turns).

Dissent the Slicer (Octopode Fighter)               Turns: 8298, Time: 00:15:17

Health: -4/61      AC:  1    Str: 15    XL:     9   Next: 74%
Magic:  12/12      EV: 11    Int: 18    God:    Gozag
Gold:   748        SH: 13    Dex: 11    Spells: 11/12 levels left

rFire    . . .     SeeInvis .   a - +0 rapier
rCold    . . .     Gourm    .   s - +0 large shield
rNeg     . . .     Faith    .   (helmet restricted)
rPois    .         Spirit   .   (no amulet)
rElec    .         Reflect  .   i - ring of flight
rCorr    .         Harm     .   o - +4 ring of intelligence
MR       +....                  F - ring of wizardry
Stlth    ++++......             l - ring of protection from magic
HPRegen  0.20/turn              (no ring)
MPRegen  0.13/turn              (no ring)
                                (no ring)
                                (no ring)

@: no status effects
A: almost no armour, stealthy swim, amphibious, 8 rings, constrict 8, camouflage
1, gelatinous body 1
a: Potion Petition, Call Merchant, Bribe Branch, Renounce Religion, Evoke Flight


You were on level 8 of the Dungeon.
You worshipped Gozag.
Gozag was pleased with you.
You were very hungry.

You visited 2 branches of the dungeon, and saw 9 of its levels.
You also visited: Ossuary.

You collected 794 gold pieces.
You paid 46 gold pieces to Gozag.

Inventory:

Hand Weapons
 a - a +0 rapier (weapon)
Missiles
 v - 5 throwing nets (quivered) {!f}
Armour
 s - a +0 large shield (worn)
   (You found it on level 4 of the Dungeon)
Magical Staves
 A - an uncursed staff of power {!a}
   (You found it on level 7 of the Dungeon)
Jewellery
 i - a ring of flight (left tentacle)
   (You found it on level 1 of the Dungeon)
 l - a ring of protection from magic (on tentacle)
   (You took it off an orc priest on level 4 of the Dungeon)
 o - a +4 ring of intelligence (right tentacle)
   (You found it on level 3 of the Dungeon)
 B - an uncursed amulet of magic regeneration {unknown}
   (You took it off an orc on level 7 of the Dungeon)
 F - a ring of wizardry (on tentacle)
   (You found it on level 4 of the Dungeon)
Wands
 c - a wand of disintegration (8)
   (You took it off an orc on level 5 of the Dungeon)
 d - a wand of scattershot (4)
   (You found it on level 6 of the Dungeon)
 t - a wand of flame (21)
   (You took it off a big kobold on level 8 of the Dungeon)
Scrolls
 h - 3 scrolls of enchant armour
 k - 8 scrolls of teleportation {@r4}
 q - 4 scrolls of remove curse {@r2}
 u - a scroll of fog {unknown}
 y - 2 scrolls of identify {@r1}
 z - a scroll of amnesia
 C - a scroll of immolation {!r}
 D - a scroll of noise {unknown}
Potions
 b - a potion of heal wounds {@q2}
 f - a potion of cancellation
 g - 6 potions of curing {@q1}
 j - a potion of mutation {!q}
 m - 4 potions of ambrosia
 n - a potion of flight {unknown}
 p - a potion of agility {unknown}
 r - 5 potions of haste {@q3}
 w - 2 potions of might
 x - a potion of berserk rage
 E - a potion of lignification {unknown}
 G - 2 potions of degeneration {unknown}
Comestibles
 e - 14 rations {!d}


   Skills:
 - Level 5.0 Fighting
 + Level 9.6 Short Blades
 - Level 5.0 Dodging
 - Level 7.2 Stealth
 - Level 5.0 Shields
 + Level 2.2 Spellcasting


You had 11 spell levels left.
You knew the following spells:

 Your Spells              Type           Power        Failure   Level  Hunger
u - Animate Skeleton      Necr           N/A          65%         1    #......

Your spell library contained the following spells:

 Spells                   Type           Power        Failure   Level  Hunger
 Beastly Appendage        Tmut           #.....       65%         1    #......
 Pain                     Necr           #...         65%         1    #......
 Sandblast                Erth           #.....       65%         1    #......
 Passwall                 Tmut/Erth      #.......     77%         2    ###....
 Sticks to Snakes         Tmut           #.......     77%         2    ###....
 Regeneration             Chrm/Necr      #.........   93%         3    ###....
 Spider Form              Tmut/Pois      #.........   93%         3    ###....
 Stone Arrow              Conj/Erth      #.....       93%         3    ###....
 Vampiric Draining        Necr           #.........   93%         3    ###....
 Animate Dead             Necr           N/A          100%        4    #####..
 Ice Form                 Ice/Tmut       #.......     100%        4    #####..
 Petrify                  Tmut/Erth      #.......     100%        4    #####..
 Blade Hands              Tmut           #.........   100%        5    ######.
 Lee's Rapid Deconstruct  Erth           #.........   100%        5    ######.


Dungeon Overview and Level Annotations

Branches:
Dungeon (8/15)             Temple (1/1) D:5
   Lair: D:8-11

Altars:
Ashenzari
Cheibriados
Dithmenos
Elyvilon
Fedhas
Gozag
Hepliaklqana
Kikubaaqudgha
Makhleb
Nemelex Xobeh
Okawaru
Qazlal
Ru
Sif Muna
Trog
Wu Jian
Xom
Yredelemnul
Zin
The Shining One

Shops:
D:5 %   D:7 *

Annotations:
D:4 2 runed doors, MisterFreud's ghost, amateur MiFi


Innate Abilities, Weirdness & Mutations

You cannot wear most types of armour.
You are very stealthy in the water. (Stealth+)
You are amphibious.
You can wear up to eight rings at the same time.
You can use your tentacles to constrict eight enemies at once.
Your skin changes colour to match your surroundings (Stealth+).
Your rubbery body absorbs attacks. (AC +1, EV +1)


Message History

You block the hippogriff's attack. The hippogriff pecks you.
You block the hippogriff's attack.
You hit the hippogriff but do no damage.
The hippogriff bites you. The hippogriff pecks you.
* * * LOW HITPOINT WARNING * * *
The hippogriff claws you!
* * * LOW HITPOINT WARNING * * *
The gnoll throws a throwing net.
You block the throwing net.
Throwing (i - inventory)
v - 7 throwing nets (quivered)
{!f}
Aim: a hippogriff (moderately wounded) Really fire
v - 7 throwing nets {!f}?
You throw a throwing net {!f}.
The throwing net {!f} closely misses the hippogriff.
You block the hippogriff's attack. The hippogriff closely misses you. x2
Throwing (i - inventory)
v - 6 throwing nets (quivered)
{!f}
Aim: a hippogriff (moderately wounded) Really fire
v - 6 throwing nets {!f}?
You throw a throwing net {!f}.
The throwing net {!f} hits the hippogriff.
The hippogriff is caught in the net!
The hippogriff struggles against the net.
You hit the hippogriff.
You squeeze the hippogriff, but do no damage.
The hippogriff struggles against the net.
You hit the hippogriff.
The hippogriff struggles against the net.
You hit the hippogriff.
The hippogriff struggles against the net.
You hit the hippogriff. You block the gnoll sergeant's attack.
The hippogriff struggles against the net.
The net rips apart, and the hippogriff comes free!
A gnoll comes into view. It is wielding a spear.
Unknown command.
The gnoll shouts!
You hit the hippogriff but do no damage.
You hear a shout!
The gnoll sergeant misses you.
Unknown command.
You hit the hippogriff. You squeeze the hippogriff! The hippogriff bites you!
* * * LOW HITPOINT WARNING * * *
The hippogriff closely misses you. You block the hippogriff's attack.
A gnoll comes into view. It is wielding a spear.
You barely miss the hippogriff. The hippogriff bites you.
* * * LOW HITPOINT WARNING * * *
The hippogriff misses you. You block the hippogriff's attack.
You hit the hippogriff.
A gnoll comes into view.
The hippogriff closely misses you. The hippogriff pecks you!
You die...
Your body crumbles into a pile of gold.

..####+##..###...##......##.
............#............(..
............#...............
............#...............
#....##.##....##.........
#.##....##'##....##......#..
>........#.......##......##.
.........'.......#........##
.........#.@.>...#........#.
#.....####H##....##.......#.
##########g##....##.......##
....g.ggg.....##########
.....g........#
................
....g...........
................
...##..(##....##


You could see a hippogriff, a gnoll sergeant and 4 gnolls.

Vanquished Creatures
  A hippogriff (D:7)
  A water moccasin (D:7)
  2 sky beasts (D:7)
  2 ice beasts
  An orc warrior (D:7)
  A black bear (D:6)
  An ogre (D:6)
  A big kobold (D:8)
  2 bullfrogs
  A scorpion (D:5)
  4 howler monkeys
  8 wights
  2 crimson imps (D:5)
  4 centaur zombies (Ossuary)
  3 hounds
  5 orc wizards
  3 jellies
  6 orc priests
  A bullfrog zombie (D:6)
  A centaur skeleton (D:6)
  4 worker ants
  An iguana (D:7)
  3 big kobold zombies (Ossuary)
  5 mummies
  7 adders
  An ooze (D:7)
  An adder zombie (D:6)
  An adder skeleton (D:5)
  A worm (D:3)
  3 dart slugs
  3 leopard geckos
  22 orcs
  3 ball pythons
  6 giant cockroaches
  6 goblins
  10 hobgoblins
  19 jackals
  6 kobolds
  3 quokkas
  10 bats
  4 frilled lizards
  A hobgoblin zombie (Ossuary)
  A quokka skeleton (D:7)
  8 rats
179 creatures vanquished.

Notes
Turn   | Place    | Note
-------+----------+-------------------------------------------
     0 | D:1      | Dissent the Octopode Fighter began the quest for the Orb.
     0 | D:1      | Reached XP level 1. HP: 16/16 MP: 1/1
   151 | D:1      | Reached skill level 1 in Stealth
   172 | D:1      | Reached XP level 2. HP: 18/21 MP: 2/2
   519 | D:1      | Reached XP level 3. HP: 22/26 MP: 3/3
   704 | D:2      | Found an iron altar of Okawaru.
   705 | D:2      | Found a glowing silver altar of Zin.
   828 | D:2      | Reached skill level 3 in Short Blades
  1746 | D:3      | Reached XP level 4. HP: 30/31 MP: 4/4
  1939 | D:3      | Learned a level 1 spell: Animate Skeleton
  2190 | D:3      | Reached XP level 5. HP: 36/36 MP: 5/5
  2504 | D:4      | Reached skill level 4 in Short Blades
  2514 | D:3      | Reached skill level 5 in Stealth
  2880 | D:4      | Reached XP level 6. HP: 41/42 MP: 6/6
  3195 | D:4      | Reached skill level 5 in Short Blades
  3541 | D:4      | Reached XP level 7. HP: 25/46 MP: 7/7
  3542 | D:4      | Found a large runed door.
  3567 | D:4      | Found a large runed door.
  3650 | D:4      | Noticed MisterFreud's ghost (amateur MiFi)
  3931 | D:5      | Entered Level 5 of the Dungeon
  3998 | D:5      | Found a shattered altar of Ashenzari.
  4120 | D:5      | HP: 1/46 [acid (7)]
  4331 | D:5      | Found a sparkling altar of Nemelex Xobeh.
  4453 | D:5      | Reached skill level 6 in Short Blades
  4502 | D:5      | Found Fetiaph's Food Shoppe.
  4663 | D:5      | Found a staircase to the Ecumenical Temple.
  4679 | Temple   | Entered the Ecumenical Temple
  4863 | Temple   | Became a worshipper of Gozag Ym Sagoz the Greedy
  4925 | D:5      | Found a hazy altar of Hepliaklqana.
  4925 | D:5      | Found a bloodstained altar of Trog.
  5224 | D:6      | Reached XP level 8. HP: 36/54 MP: 8/8
  5580 | D:6      | Reached skill level 5 in Fighting
  5655 | D:6      | Reached skill level 7 in Short Blades
  5764 | D:6      | Found an ornate altar of the Wu Jian Council.
  6476 | D:7      | Noticed a hippogriff
  6479 | D:7      | Killed a hippogriff
  6518 | D:7      | Reached skill level 8 in Short Blades
  6742 | D:7      | Found a sand-covered staircase.
  6812 | Ossuary  | Entered an ossuary
  6822 | Ossuary  | Reached skill level 5 in Dodging
  6829 | Ossuary  | Reached XP level 9. HP: 48/61 MP: 9/9
  7314 | D:7      | Found Saim's Elemental Accessories.
  7497 | D:7      | Reached skill level 9 in Short Blades
  7704 | D:7      | Reached skill level 5 in Shields
  7908 | D:8      | Reached skill level 1 in Spellcasting
  8298 | D:8      | Slain by a hippogriff

Vault maps used:
D:1:      dpeg_arrival_boxorama
D:2:      gammafunk_temple_overflow_pools, nrook_uturn, hangedman_decor_push
D:3:      minmay_quantized
D:4:      ebering_ghost_disaster_area, kennysheep_small_square
D:5:      nemelex_xobeh_ov_fountains_minmay, grunt_temple_overflow_open,
          minmay_temple_entry_junction, basic_altar, first_ration, serial_shops,
          kennysheep_little_box, minmay_misc_feat_nine_boxes
D:6:      kennysheep_mini_moat, nicolae_zen_rock_garden
D:7:      gup_ossuary_entry_pyramid, nicolae_elemental_shop
D:8:      vehumet_crystals, overflow_temple_1_default, blue_anna_alchemist
Temple:   eino_narrow_crystal_temple
Ossuary:  ossuary_the_hunt_dpeg

Skill      XL: |  1  2  3  4  5  6  7  8  9 |
---------------+----------------------------+-----
Stealth        | 1 2 3 4 5 6 7 |  7.2
Short Blades   | 3 4 5 6 8 9 |  9.6
Fighting       | 4 5 |  5.0
Dodging        | 5 |  5.0
Shields        | 5 |  5.0
Spellcasting   | 2 |  2.2

Action                   |  1- 3 |  4- 6 |  7- 9 || total
-------------------------+-------+-------+-------++-------
Melee: Rapier            |    69 |   101 |   293 ||   463
       Constrict         |    13 |    29 |    50 ||    92
       Tentacles         |    10 |    26 |    65 ||   101
Throw: Throwing net      |       |       |     2 ||     2
  Use: Scroll            |       |     4 |     7 ||    11
       Potion            |       |       |     2 ||     2
 Stab: Sleeping          |    10 |     8 |    20 ||    38
       Distracted        |       |       |     1 ||     1
  Eat: Chunk             |     3 |     5 |     4 ||    12
       Ration            |       |       |     3 ||     3
Armor: Skin              |     6 |     2 |     4 ||    12
Dodge: Dodged            |    22 |    32 |    66 ||   120
Block: Shield            |    30 |    29 |     3 ||    62
       Large shield      |       |       |   126 ||   126

Table legend:
 A = Non-vault XP
 B = Vault XP
 C = Vault XP percentage of total XP
 D = Non-vault monster count
 E = Vault monster count
 F = Vault count percentage of total count
                 A         B        C        D         E       F
            +---------+---------+-------+---------+---------+-------
      Total |    3540 |     519 |  12.8 |     159 |      20 |  11.2
            +---------+---------+-------+---------+---------+-------
        D:1 |      37 |       0 |   0.0 |      20 |       0 |   0.0
        D:2 |      18 |       0 |   0.0 |      11 |       0 |   0.0
        D:3 |     163 |       6 |   3.6 |      37 |       4 |   9.8
        D:4 |     456 |      56 |  10.9 |      18 |       2 |  10.0
        D:5 |     468 |       0 |   0.0 |      24 |       0 |   0.0
        D:6 |     648 |       0 |   0.0 |      14 |       0 |   0.0
        D:7 |    1285 |      18 |   1.4 |      19 |       1 |   5.0
        D:8 |     465 |      97 |  17.3 |      16 |       1 |   5.9
    Ossuary |       0 |     342 | 100.0 |       0 |      12 | 100.0
            +---------+---------+-------+---------+---------+-------
